 Dungeon Crawl Stone Soup version 0.30-a0-757-ga6a79fd877 (webtiles) character file.

Game seed: 4327775787052057941

25 dolemite99 the Caller (level 2, -6/19 HPs)
             Began as a Demonspawn Summoner on Feb 10, 2023.
             Killed by an exploding hobgoblin (22 damage)
             ... ignited by their inner flame
             ... on level 2 of the Dungeon.
             The game lasted 00:02:09 (2182 turns).

dolemite99 the Caller (Demonspawn Summoner)         Turns: 2182, Time: 00:02:10

Health: -6/19      AC:  4    Str:  8    XL:     2   Next: 86%
Magic:  2/5        EV: 12    Int: 16    God:
Gold:   64         SH:  0    Dex: 13    Spells: 2/5 levels left

rFire   . . .      SeeInvis .    g - +1 dagger (pain)
rCold   . . .      Faith    .    (no shield)
rNeg    . . .      Spirit   .    a - +0 robe
rPois   .          Reflect  .    (no helmet)
rElec   .          Harm     .    (no cloak)
rCorr   .          Rampage  .    (no gloves)
Will    .....                    i - +0 pair of boots
Stlth   ++                       (no amulet)
HPRegen 0.23/turn                (no ring)
MPRegen 0.09/turn                (no ring)

@: no status effects
A: sharp scales 1
a: no special abilities


You were on level 2 of the Dungeon.
You visited 1 branch of the dungeon, and saw 3 of its levels.

You collected 64 gold pieces.

Inventory:

Hand Weapons
 d - a +0 dagger
 f - a +0 trident
 g - a +1 dagger of pain (weapon)
Missiles
 l - 5 javelins
Armour
 a - a +0 robe (worn)
 i - a +0 pair of boots (worn)
Scrolls
 h - a scroll of identify {unknown}
Potions
 b - a potion of magic
 k - a potion of curing {unknown}


   Skills:
 - Level 1.7 Dodging
 - Level 1.7 Stealth
 - Level 2.0 Spellcasting
 + Level 4.9 Summonings


You had 2 spell levels left.
You knew the following spells:

 Your Spells              Type           Power      Damage    Failure   Level
a - Summon Small Mammal   Summ           68%        N/A       2%          1
b - Call Imp              Summ           17%        N/A       4%          2

Your spell library contained the following spells:

 Spells                   Type           Power      Damage    Failure   Level
 Sublimation of Blood     Necr           1%         N/A       30%         2
 Call Canine Familiar     Summ           17%        N/A       9%          3
 Summon Guardian Golem    Hex/Summ       9%         N/A       22%         3
 Summon Lightning Spire   Summ/Air       9%         N/A       58%         4
 Petrify                  Tmut/Erth      1%         N/A       90%         4
 Irradiate                Conj/Tmut      0%         3d11      99%         5


Dungeon Overview and Level Annotations

Branches:
Dungeon (3/15)

Altars:


Innate Abilities, Weirdness & Mutations

You are partially covered in razor-sharp scales. (AC +1, Slay +1)


Message History

Found a scroll labelled PAL BO OKIXESOTH.
Found a chain mail.
You see here 5 javelins.
l - 5 javelins
m - a scroll labelled PAL BO OKIXESOTH
There are no items here.
As you read the scroll labelled PAL BO OKIXESOTH, it crumbles to dust.
A profound silence engulfs you.
It was a scroll of silence.
You start waiting.
Your hearing returns.
There is a stone staircase leading up here.
As you read the scroll labelled ZOAXOT RY LEIMI, it crumbles to dust.
Magic quickly surges around you.
It was a scroll of vulnerability.
Found an escape hatch in the ceiling.
You now have 64 gold pieces (gained 13).
You feel your willpower return.
You start waiting.
Done waiting.
As you read the scroll labelled BAONLA SUNGIM, it crumbles to dust.
You feel strangely unstable.
It was a scroll of teleportation.
You start waiting.
Your surroundings suddenly seem different.
A hobgoblin comes into view.
As you read the scroll labelled IXAUMI ILOSM, it crumbles to dust.
The creatures around you are filled with an inner flame!
It was a scroll of immolation.
Casting: Call Imp (safe; 4% risk of failure)
Confirm with . or Enter, or press ? or * to list all spells.
A beastly little devil appears in a puff of flame.
The hobgoblin hits you.
Your crimson imp closely misses the hobgoblin.
Casting: Call Imp (safe; 4% risk of failure)
Confirm with . or Enter, or press ? or * to list all spells.
The hobgoblin barely misses you.
Your crimson imp hits the hobgoblin.
Flame seeps out of the hobgoblin.
The hobgoblin is engulfed in blazing flames.
The hobgoblin explodes!
The fiery explosion engulfs you!!
Ouch! That really hurt!
You die...

#.# .. #.# .# #.###.#
......# ......# #.##.##
#.....####.#
...........#######
####......^....○@# #
#.###########5#
#...........#r# #
#..########.#.# ..#
####...## #.#.# #..
......#>## #.#.# #.#
##.##.##.### #.#.####.#
#..........###.#.#.##.#
#......#.#........#.#.#


You could see a friendly crimson imp (summoned) and a friendly rat (summoned).

Vanquished Creatures
  A giant cockroach (D:1)
  A goblin (D:1)
  2 hobgoblins
  A bat (D:1)
5 creatures vanquished.

Vanquished Creatures (collateral kills)
  A dart slug (D:1)
  3 bats (D:1)
  2 endoplasms
  3 giant cockroaches (D:1)
  2 goblins
  A hobgoblin (D:2)
  A quokka (D:1)
  3 ball pythons (D:1)
  A rat (D:1)
17 creatures vanquished.

Grand Total: 22 creatures vanquished

Notes
Turn   | Place    | Note
-------+----------+-------------------------------------------
     0 | D:1      | dolemite99 the Demonspawn Summoner began the quest for the
                  | Orb.
     0 | D:1      | Reached XP level 1. HP: 13/13 MP: 3/3
   447 | D:1      | Gained mutation: You are partially covered in razor-sharp
                  | scales. (AC +1, Slay +1) [demonic ancestry]
   447 | D:1      | Reached XP level 2. HP: 19/19 MP: 1/5
   491 | D:1      | Learned a level 2 spell: Call Imp
   864 | D:1      | You fall into a shaft and drop 1 floor!
  2182 | D:2      | Killed by an exploding hobgoblin... ignited by their inner
                  | flame

Illustrated notes

Levels and vault maps discovered:
D:1:      wander_arrival_peaceful_grave, layout_basic
D:2:      layout_loops_ring, dreamdust_wishing_well, uniq_jessica
D:3:      layout_rooms, ebering_ghost_sewer_d,
          shapermc_ecumenical_altar_flowoftime

Action                     || total
---------------------------++-------
  Melee: Unarmed           ||    12
         Dagger            ||    15
   Cast: Summon Small Mamm ||    32
         Call Imp          ||    20
    Use: Scroll            ||     4
   Stab: Sleeping          ||     1
 Armour: Robe              ||    43
  Dodge: Dodged            ||    99

Table legend: (Time is in decaauts)
 A = Elapsed time spent in this place.
 B = Non-inter-level travel time spent in this place.
 C = Inter-level travel time spent in this place.
 D = Time resting spent in this place.
 E = Time spent auto-exploring this place.
 F = Levels seen in this place.
 G = Mean time per level.
                   A        B        C        D        E       F      G
               +--------+--------+--------+--------+--------+-----+--------+
         Total |   2180 |   2132 |     48 |    529 |   1108 |   3 |  726.7 |
       Dungeon |   2180 |   2132 |     48 |    529 |   1108 |   3 |  726.7 |
               +--------+--------+--------+--------+--------+-----+--------+

Top non-repeatable levels by time:
     D:1: 1714 daAuts
     D:2: 459 daAuts
     D:3: 6 daAuts
